 Dungeon Crawl Stone Soup version 0.22.1-1-ga44c0e56f4 (webtiles) character file.

3106 KleinerIrrer the Grappler (level 9, -20/43 HPs)
             Began as a Vine Stalker Fighter on Oct 28, 2018.
             Was a Believer of Okawaru.
             Demolished by Erolcha
             ... wielding a +0 giant club
              (22 damage)
             ... on level 9 of the Dungeon.
             The game lasted 00:14:57 (6526 turns).

KleinerIrrer the Grappler (Vine Stalker Fighter)    Turns: 6526, Time: 00:14:57

Health: -20/43     AC: 15    Str: 19    XL:     9   Next: 90%
Magic:  0/12       EV: 11    Int:  9    God:    Okawaru [**....]
Gold:   522        SH:  6    Dex: 18    Spells: 8/8 levels left

rFire    . . .     SeeInvis .     - Unarmed
rCold    + . .     Gourm    .   q - +0 buckler
rNeg     . . .     Faith    .   B - +0 chain mail of Resonance {rElec Int-2 Dex+4}
rPois    .         Spirit   +   n - +1 helmet
rElec    +         Reflect  .   E - +0 cloak
rCorr    .         Harm     .   (no gloves)
MR       +....                  (no boots)
Stlth    ..........             (no amulet)
HPRegen  0.54/turn              j - ring of protection from cold
MPRegen  0.13/turn              (no ring)

@: heroism
A: fangs 3, regeneration 1, magic shield, antimagic bite, no potion heal 3, rot
immunity
a: Heroism, Renounce Religion


You were on level 9 of the Dungeon.
You worshipped Okawaru.
Okawaru was pleased with you.
You were not hungry.

You visited 2 branches of the dungeon, and saw 10 of its levels.
You also visited: Ossuary.

You collected 522 gold pieces.

Inventory:

Hand Weapons
 A - a +0 blowgun
Missiles
 C - 38 poisoned needles
Armour
 b - a +0 shield
 n - a +1 helmet (worn)
 q - a +0 buckler (worn)
 B - the +0 chain mail of Resonance (worn) {rElec Int-2 Dex+4}
   (You found it on level 6 of the Dungeon)

   It affects your intelligence (-2).
   It affects your dexterity (+4).
   It insulates you from electricity.
 E - a +0 cloak (worn)
Jewellery
 j - a ring of protection from cold (left hand)
Wands
 e - a wand of paralysis (7)
 i - a wand of iceblast (11)
 w - a wand of polymorph (12)
Scrolls
 a - 4 scrolls of remove curse
 f - 8 scrolls of teleportation
 l - a scroll of immolation
 m - a scroll of fear
 x - a scroll of enchant weapon
 y - a scroll of blinking
 z - 2 scrolls of enchant armour
Potions
 c - a potion of might
 g - 3 potions of resistance
 h - 2 potions of lignification {unknown}
 k - 3 potions of curing {unknown}
 o - 3 potions of berserk rage
 p - 4 potions of flight {unknown}
 s - 2 potions of agility {unknown}
 t - a potion of brilliance {unknown}
 u - a potion of degeneration {unknown}
 v - 3 potions of haste
 D - a potion of cancellation {unknown}
Comestibles
 d - 16 rations
 r - 4 chunks of flesh


   Skills:
 - Level 2.6(7.6) Fighting
 + Level 5.4(10.4) Armour
 - Level 2.6(7.6) Shields
 + Level 11.7(16.7) Unarmed Combat
 * Level 2.9 Invocations


You had 8 spell levels left.
You didn't know any spells.
Your spell library contained the following spells:

 Spells                   Type           Power        Failure   Level  Hunger
 Animate Skeleton         Necr           N/A          97%         1    ##.....
 Apportation              Tloc           #.....       97%         1    ##.....
 Confusing Touch          Hex            #.....       97%         1    ##.....
 Summon Small Mammal      Summ           #...         97%         1    ##.....


Dungeon Overview and Level Annotations

Branches:
Dungeon (9/15)             Temple (1/1) D:5            Lair (0/6) D:8
    Orc: D:9-12

Altars:
Ashenzari
Cheibriados
Elyvilon
Gozag
Hepliaklqana
Kikubaaqudgha
Makhleb
Okawaru
Qazlal
Ru
Trog
Uskayaw
Wu Jian
Xom
Yredelemnul
Zin
The Shining One

Annotations:
D:9 Erolcha


Innate Abilities, Weirdness & Mutations

You have razor-sharp teeth.
Your natural rate of healing is unusually fast.
When hurt, damage is shared between your health and your magic reserves.
Your bite disrupts and absorbs the magic of your enemies.
Potions cannot restore your health.
You are immune to rotting.


Message History

You barely miss something. Your bite misses something.
Something completely misses you.
The worker ant bites you but does no damage.
The orc closely misses you.
You hit something but do no damage.
The worker ant bites you but does no damage.
Something hits you!
* * * LOW HITPOINT WARNING * * *
You hit something.
The worker ant bites you but does no damage.
You block the orc's attack.
You gain the combat prowess of a mighty hero.
The worker ant bites you but does no damage.
Something hits you!
* * * LOW HITPOINT WARNING * * *
The orc hits you but does no damage.
You pummel something!! You bite something. You drain its magic.
You feel invigorated. The worker ant barely misses you. Something hits you!!
Ouch! That really hurt!
You die...

###############################
.................a............#
...........[....@o.....$......#
.################{............#
.####### #........Zh...#
........ ........<.....#
...##### O..............#
...###### ...........)....#
......... .......$.........#
......... ..a...............#
......... ...............o...#


You could see a worker ant and an orc.

Vanquished Creatures
  A hippogriff (D:8)
  Menkaure (D:5)
  An orc warrior (D:7)
  An ice beast (D:7)
  A sky beast (D:6)
  A necrophage (D:7)
  An ogre (D:7)
  A phantom (D:6)
  A centaur (D:5)
  A big kobold (D:7)
  5 bullfrogs
  3 water moccasin zombies (Ossuary)
  3 scorpions
  6 howler monkeys
  4 crimson imps
  A bullfrog zombie (D:8)
  A jelly (D:9)
  2 hounds
  9 orc wizards
  A bullfrog skeleton (D:8)
  5 orc priests
  A centaur skeleton (D:8)
  2 iguanas
  4 worker ants
  A big kobold zombie (Ossuary)
  2 hound zombies
  2 mummies (Ossuary)
  3 gnolls (D:2)
  2 howler monkey skeletons
  6 adders
  3 shadow imps
  4 oozes
  6 adder zombies (Ossuary)
  2 adder skeletons
  2 worms
  3 dart slugs
  5 leopard geckos
  31 orcs
  2 giant cockroaches
  2 gnoll zombies (Ossuary)
  7 goblins
  2 hobgoblins
  12 jackals
  6 quokkas
  12 bats
  4 frilled lizards
  4 hobgoblin zombies (Ossuary)
  A jackal skeleton (D:5)
  A jackal zombie (D:7)
  8 kobolds
  2 kobold zombies (Ossuary)
  6 orc zombies (Ossuary)
  2 quokka skeletons (D:4)
  7 rats
  A spectral orc (D:5)
208 creatures vanquished.

Notes
Turn   | Place    | Note
-------+----------+-------------------------------------------
     0 | D:1      | KleinerIrrer the Vine Stalker Fighter began the quest for
                  | the Orb.
     0 | D:1      | Reached XP level 1. HP: 11/11 MP: 2/2
    34 | D:1      | Reached XP level 2. HP: 13/16 MP: 3/3
   132 | D:1      | Reached skill level 3 in Unarmed Combat
   468 | D:1      | Reached XP level 3. HP: 19/19 MP: 4/4
  1154 | D:2      | Reached skill level 4 in Unarmed Combat
  1288 | D:2      | Gained mutation: Your natural rate of healing is unusually
                  | fast. [Vine Stalker growth]
  1288 | D:2      | Reached XP level 4. HP: 23/23 MP: 5/5
  1308 | D:2      | Found a glowing silver altar of Zin.
  1308 | D:2      | Found an opulent altar of Gozag.
  1831 | D:2      | Reached skill level 5 in Unarmed Combat
  1838 | D:2      | Reached XP level 5. HP: 27/27 MP: 6/6
  2778 | D:4      | Reached XP level 6. HP: 30/32 MP: 7/7
  2850 | D:4      | Found an ornate altar of the Wu Jian Council.
  2850 | D:4      | Found a bloodstained altar of Trog.
  2851 | D:4      | Found a burning altar of Makhleb.
  2873 | D:4      | Reached skill level 6 in Unarmed Combat
  2912 | D:4      | Found a hazy altar of Hepliaklqana.
  2915 | D:4      | Found a snail-covered altar of Cheibriados.
  3104 | D:4      | Found a sacrificial altar of Ru.
  3104 | D:4      | Found a shimmering altar of Xom.
  3365 | D:5      | Entered Level 5 of the Dungeon
  3391 | D:5      | Found a sand-covered staircase.
  3411 | Ossuary  | Entered an ossuary
  3493 | Ossuary  | Reached XP level 7. HP: 31/35 MP: 8/8
  3514 | Ossuary  | Reached skill level 7 in Unarmed Combat
  3754 | D:5      | Noticed Menkaure
  3774 | D:5      | Killed Menkaure
  3774 | D:5      | Reached skill level 8 in Unarmed Combat
  3847 | D:5      | Gained mutation: You have razor-sharp teeth. [Vine Stalker
                  | growth]
  3847 | D:5      | Reached XP level 8. HP: 37/39 MP: 9/9
  4176 | D:5      | Found a staircase to the Ecumenical Temple.
  4195 | Temple   | Entered the Ecumenical Temple
  4202 | Temple   | Became a worshipper of Warmaster Okawaru
  4259 | D:5      | Found a basalt altar of Yredelemnul.
  4433 | D:5      | Found a stormy altar of Qazlal.
  4560 | D:6      | Found a white marble altar of Elyvilon.
  4605 | D:6      | Got a twisted chain mail
  4610 | D:6      | Reached skill level 9 in Unarmed Combat
  4629 | D:6      | Identified the cursed +0 chain mail of Resonance {rElec
                  | Int-2 Dex+4} (You found it on level 6 of the Dungeon)
  4994 | D:6      | Reached * piety under Okawaru
  5007 | D:6      | Found an opulent altar of Gozag.
  5276 | D:7      | Reached skill level 10 in Unarmed Combat
  5333 | D:7      | Reached XP level 9. HP: 43/43 MP: 10/10
  5607 | D:7      | Reached skill level 1 in Invocations
  5734 | D:7      | Reached skill level 5 in Armour
  5855 | D:7      | Reached ** piety under Okawaru
  5855 | D:7      | Reached skill level 11 in Unarmed Combat
  6191 | D:8      | Found a staircase to the Lair.
  6226 | D:8      | Found a shattered altar of Ashenzari.
  6379 | D:9      | Noticed Erolcha
  6525 | D:9      | HP: 2/43 [something (6)]
  6526 | D:9      | Demolished by Erolcha

Skill      XL: |  1  2  3  4  5  6  7  8  9 |
---------------+----------------------------+-----
Unarmed Combat | 3 4 5 6 8 10 11 | 11.7
Armour         | 3 4 5 |  5.4
Invocations    | 2 |  2.9
Fighting       | |  2.6
Shields        | |  2.6

Action                   |  1- 3 |  4- 6 |  7- 9 || total
-------------------------+-------+-------+-------++-------
Melee: Unarmed           |   117 |   210 |   420 ||   747
       Bite              |    35 |    54 |   144 ||   233
Invok: Heroism           |       |       |     2 ||     2
  Use: Scroll            |       |    10 |     6 ||    16
       Potion            |       |       |     1 ||     1
  Eat: Chunk             |     1 |     7 |    11 ||    19
Armor: Scale mail        |    53 |    33 |       ||    86
       Chain mail        |       |    71 |   152 ||   223
Dodge: Dodged            |    39 |    49 |    81 ||   169
Block: Shield            |    56 |     9 |       ||    65
       Buckler           |       |    36 |    67 ||   103
